 Dungeon Crawl Stone Soup version 0.28.0-53-g5a82cb258f (webtiles) character file.

Game seed: 15926441454687824724

102249 Orthodox the Warrior (level 15, -6/149 HPs)
             Began as a Demonspawn Berserker on June 28, 2022.
             Was a Believer of Trog.
             Splashed by a goliath frog's acid (9 damage)
             ... on level 1 of the Swamp on June 29, 2022.
             The game lasted 02:17:51 (35909 turns).

Orthodox the Warrior (Demonspawn Berserker)        Turns: 35909, Time: 02:17:51

Health: -6/149     AC: 14    Str: 17    XL:     15   Next: 85%
Magic:  0/6        EV: 11    Int: 12    God:    Trog [**....]
Gold:   1652       SH: 10    Dex: 17    Spells: 14/14 levels left

rFire   + . .      SeeInvis .   p - +7 war axe "Zuveku" {elec, rC+}
rCold   + . .      Faith    .   (no shield)
rNeg    . . .      Spirit   +   W - +2 chain mail {Will+}
rPois   +          Reflect  .   (no helmet)
rElec   .          Harm     .   D - +2 cloak
rCorr   .          Rampage  .   Y - +0 pair of gloves {hurl}
Will    ++...                   (boots unavailable)
Stlth   ..........              i - amulet of magic regeneration
HPRegen 0.34/turn               E - ring of flight
MPRegen 0.60/turn               J - ring "Upugoiw" {+Blink rPois rF+ MP-9}

@: corroded, on berserk cooldown, flying, slowed, very slow
A: hooves 3, large bone plates 2, icemail 1, robust 1, magic shield, magic
regeneration, condensation shield
a: Renounce Religion, Evoke Blink, Berserk, Trog's Hand


You were on level 1 of the Swamp.
You worshipped Trog.
Trog was pleased with you.
You visited 4 branches of the dungeon, and saw 24 of its levels.
You visited the Abyss 1 time.
You also visited: Ossuary and Bailey.

You collected 2273 gold pieces.
You spent 621 gold pieces at shops.

Inventory:

Hand Weapons
 b - a +2 battleaxe of freezing
 n - a +0 mace of protection
 p - the +7 war axe "Zuveku" (weapon) {elec, rC+}
   (You found it on level 2 of the Dungeon)

   It occasionally discharges a powerful burst of electricity upon striking a
   foe.
   rC:        It protects you from cold.
 N - the +3 trident of False Hope {flame, rC+}
   (You found it on level 6 of the Lair of Beasts)

   It burns those it strikes, dealing additional fire damage.
   rC:        It protects you from cold.
 Q - a +5 antimagic executioner's axe
Missiles
 v - 61 poisoned darts
 F - a throwing net {!f}
 O - 3 curare-tipped darts (quivered) {!f}
 Z - 2 silver javelins
Armour
 d - a +1 chain mail of cold resistance
 z - a +2 plate armour of positive energy
 D - a +2 cloak (worn)
 H - a +2 scale mail of positive energy
 W - a +2 chain mail of willpower (worn)
 Y - a +0 pair of gloves of hurling (worn)
Jewellery
 i - an amulet of magic regeneration (around neck)
 C - a ring of resist corrosion
 E - a ring of flight (left hand)
 J - the ring "Upugoiw" (right hand) {+Blink rPois rF+ MP-9}
   (You found it on level 6 of the Lair of Beasts)

   [ring of poison resistance]

   rF:        It protects you from fire.
   rPois:     It protects you from poison.
   MP:        It affects your magic capacity (-9).
   +Blink:    It lets you blink.
 S - a ring of protection from fire
 X - a ring of ice
Wands
 a - a wand of acid (4)
 q - a wand of polymorph (30)
 x - a wand of flame (10)
 B - a wand of iceblast (27)
 L - a wand of digging (6)
 M - a wand of paralysis (6)
Scrolls
 c - 4 scrolls of magic mapping
 e - a scroll of enchant armour
 g - 7 scrolls of noise
 m - 5 scrolls of immolation
 s - 7 scrolls of fear
 t - 7 scrolls of amnesia
 w - 2 scrolls of fog
 y - a scroll of brand weapon
 G - 9 scrolls of teleportation
 P - 2 scrolls of torment
 R - 2 scrolls of summoning
 T - 7 scrolls of enchant weapon
 V - 3 scrolls of identify {@r1}
Potions
 f - 3 potions of brilliance
 h - 5 potions of mutation
 j - 3 potions of berserk rage
 k - 3 potions of might
 l - 2 potions of resistance
 o - 5 potions of invisibility
 r - a potion of flight
 u - a potion of heal wounds
 A - 10 potions of curing {@q1}
 I - 4 potions of cancellation
 K - 2 potions of magic
 U - 4 potions of attraction


   Skills:
 * Level 17.9 Fighting
 * Level 16.6 Axes
 + Level 9.5 Armour
 + Level 9.4 Dodging


You had 14 spell levels left.
You didn't know any spells.
Your spell library was empty.

Dungeon Overview and Level Annotations

Branches:
Dungeon (15/15)            Temple (0/1) D:5            Lair (6/6) D:9
  Swamp (1/4) Lair:3        Snake (0/4) Lair:3        Slime (0/5) Lair:6
    Orc (2/2) D:11            Elf (0/3) Orc:2        Vaults (0/5) D:13
 Depths (0/4) D:15        Ossuary (visited)          Bailey (visited)

Altars:
Ashenzari
Trog
Uskayaw
Beogh

Shops:
D:6 *   D:12 !   Orc:2 ?*![:

Portals:
Abyss: D:5

Annotations:
D:5 2 transporters, InsanityWolf's ghost, amateur SpBr
Orc:1 3 runed translucent doors, Jod's ghost, journeyman MiBe


Innate Abilities, Weirdness & Mutations

You have hooves in place of feet.
You are mostly covered in large bone plates. (SH +6)
A meltable icy envelope protects you from harm. (AC +4)
You are robust. (+10% HP)
When hurt, damage is shared between your health and your magic reserves.
You regenerate magic rapidly.
A meltable shield of frost defends you. (SH +4)


Message History

Unknown command.
You start resting.
Your skin stops crawling.
You feel less strong-willed.
You regained 5 hp, and now have 66/149 hp.
You start resting.
A goliath frog is nearby!
Unknown command.
Your +0 mace of protection goes still.
You hear the crackle of electricity.
p - the +7 war axe "Zuveku" (weapon)
{elec, rC+} You block the goliath frog's attack.
The goliath frog hits you. The acid corrodes you!
You are splashed with acid!
The goliath frog barely misses you.
You take 10 damage, and have 57/149 hp.
You slash the goliath frog! Your kick misses the goliath frog.
The goliath frog is moderately wounded.
The goliath frog hits you! The acid corrodes you!
You are splashed with acid!
* * * LOW HITPOINT WARNING * * *
You take 19 damage, and have 38/149 hp.
You now have 4/6 mp.
You hit the goliath frog. Your kick misses the goliath frog.
The goliath frog is moderately wounded.
You block the goliath frog's attack.
You hit the goliath frog. You kick the goliath frog.
The goliath frog is heavily wounded.
The goliath frog hits you!
* * * LOW HITPOINT WARNING * * *
You are splashed with acid!
* * * LOW HITPOINT WARNING * * *
The goliath frog hits you!
* * * LOW HITPOINT WARNING * * *
You are splashed with acid!
* * * LOW HITPOINT WARNING * * *
You take 27 damage, and have 11/149 hp.
You now have 2/6 mp.
You hit the goliath frog. Your kick misses the goliath frog.
The goliath frog is heavily wounded.
The goliath frog hits you!
* * * LOW HITPOINT WARNING * * *
You are splashed with acid!
You die...

♣♣♣♣.♣♣♣.≈≈≈≈≈.≈
♣♣♣♣... ♣≈≈≈≈....
♣≈.(.≈♣ ♣.≈≈)≈≈..
♣.≈≈≈.♣♣♣≈..♣♣≈..
♣♣≈≈≈≈.≈♣♣♣♣♣♣♣≈≈≈
♣♣.≈≈≈..♣ ♣♣♣≈♣.≈§≈
♣♣♣......♣♣♣♣..≈≈≈.RD
♣♣.≈≈F♣♣♣♣≈.≈♣.≈≈≈...≈
♣≈≈≈.@†♣ ♣.†..≈≈≈..♣♣.
♣♣♣....♣ ♣.♣..≈§.≈♣♣♣♣
♣♣♣≈♣♣ ♣.♣♣...≈♣♣ ♣
♣.≈♣ ♣≈≈♣♣≈♣♣♣ ♣ ♣.♣♣
♣.≈ ♣..≈ ♣ ♣♣♣
♣≈≈.♣≈≈≈.≈≈≈.
≈.(.♣♣≈≈.♣♣♣♣ ♣)..♣
♣... ♣≈ .§≈≈.♣


You could see a goliath frog.

Vanquished Creatures
  A tentacled monstrosity (Swamp:1)
  Rupert (D:15)
  A tentacled starspawn (Abyss:2)
  Kirke (D:12)
  An orc warlord (Bailey)
  Louise (D:15)
  2 eleionomae (Swamp:1)
  A dire elephant (D:15)
  Josephine (Lair:6)
  Harold (D:7)
  9 hydras
  4 vault guards
  An ogre mage (D:15)
  A spriggan skeleton (Abyss:2)
  3 boulder beetles
  A catoblepas (Lair:3)
  A merfolk avatar (Lair:6)
  An alligator (Swamp:1)
  A satyr (shapeshifter) (D:13)
  5 centaur warriors
  4 two-headed ogres
  4 death yaks
  A thrashing horror (Abyss:2)
  A soul eater (Abyss:2)
  Nergalle (D:10)
  3 wretched stars (Abyss:2)
  A spatial maelstrom (Abyss:2)
  A skeletal warrior (D:13)
  A goliath frog (Swamp:1)
  9 large abominations (Abyss:2)
  2 wizards
  2 orc knights (Orc:2)
  A harpy (Lair:6)
  4 lindwurms
  A swamp dragon (Lair:3)
  5 ugly things
  A deep elf pyromancer (D:15)
  8 manticores
  An orc sorcerer (Orc:1)
  4 cyclopes
  A will-o-the-wisp (Swamp:1)
  12 elephants (Lair:6)
  A moth of wrath (D:15)
  Joseph (D:7)
  4 black mambas
  3 apocalypse crabs (Abyss:2)
  2 torpor snails
  13 cane toads
  A smoke demon (Abyss:2)
  2 gargoyles
  A hellion (Abyss:2)
  An unseen horror (D:13)
  3 rime drakes
  15 komodo dragons
  3 kobold demonologists
  2 efreet
  A demonic crawler (Abyss:2)
  2 wind drakes (Lair:6)
  4 polar bears
  10 trolls
  4 tyrant leeches
  A queen bee (shapeshifter) (D:14)
  4 hornets
  8 slime creatures
  7 blink frogs
  5 raiju (Abyss:2)
  A snapping turtle (Lair:6)
  2 centaur simulacra (D:11)
  7 starcursed masses
  3 shadows
  2 ynoxinuls (Abyss:2)
  8 wyverns
  6 wraiths
  2 hogs
  33 yaks
  A neqoxec (Abyss:2)
  3 basilisks
  3 steam dragons
  9 vampire mosquitoes
  A chaos spawn (Abyss:2)
  Menkaure (D:7)
  4 wargs
  2 acid dragons
  15 water moccasins
  9 swamp worms
  Duvessa (D:7)
  29 orc warriors
  A sky beast (D:7)
  An ice beast (shapeshifter) (D:14)
  A black bear (D:8)
  3 ice beasts
  6 ogres
  3 necrophages (D:7)
  17 centaurs
  12 wolves
  4 elf zombies (Ossuary)
  7 kobold brigands
  8 bullfrogs
  4 scorpions
  Dowan (D:7)
  4 small abominations (Abyss:2)
  15 wights
  3 killer bees (D:9)
  6 electric eels
  6 howler monkeys
  A hound (D:7)
  2 quasits (Abyss:2)
  14 jellies
  3 centaur zombies
  3 bullfrog zombies
  A human zombie (Ossuary)
  17 orc priests
  2 centaur skeletons
  3 bullfrog skeletons
  2 iron imps (Abyss:2)
  Jessica (D:3)
  Ijyb (D:3)
  Terence (D:3)
  19 orc wizards
  2 iguanas
  7 hell rats (Lair:3)
  2 killer bee zombies (D:7)
  4 mummies
  A hound skeleton (D:4)
  7 gnolls
  9 adders
  A river rat (D:5)
  4 white imps
  6 ufetubi
  3 worms
  4 dart slugs
  62 orcs
  4 bats
  7 endoplasms
  2 giant cockroaches
  A gnoll zombie (Ossuary)
  8 goblins
  9 hobgoblins
  3 jackals
  A quokka (D:3)
  3 ball pythons
  4 frilled lizards
  A goblin zombie (Ossuary)
  4 hobgoblin zombies (Ossuary)
  29 kobolds
  3 orc zombies (Ossuary)
  2 rats (D:5)
  A lurking horror (Abyss:2)
712 creatures vanquished.

Vanquished Creatures (collateral kills)
  An orc warrior (Orc:2)
  An orc wizard (Orc:2)
  An orc (Orc:2)
3 creatures vanquished.

Vanquished Creatures (others)
  4 humans (D:13)
  2 orc warriors (Orc:2)
  A centaur (Orc:2)
  2 small abominations (Abyss:2)
  3 orc wizards (Orc:2)
  4 orcs
  6 foxfires (Swamp:1)
  22 fungi
  2 lurking horrors (Abyss:2)
  105 plants
  4 starspawn tentacles (Abyss:2)
  9 withered plants (D:7)
164 creatures vanquished.

Grand Total: 879 creatures vanquished

Notes
Turn   | Place    | Note
-------+----------+-------------------------------------------
     0 | D:1      | Orthodox the Demonspawn Berserker began the quest for the
                  | Orb.
     0 | D:1      | Reached XP level 1. HP: 18/18 MP: 1/1
   231 | D:1      | Gained mutation: You have large cloven feet. [demonic
                  | ancestry]
   231 | D:1      | Reached XP level 2. HP: 15/24 MP: 2/2
  1283 | D:2      | Reached XP level 3. HP: 25/29 MP: 3/3
  1885 | D:2      | Reached ** piety under Trog
  2150 | D:2      | Found a faded altar of an unknown god.
  2308 | D:2      | Identified the +7 war axe "Zuveku" {elec, rC+}
  2741 | D:3      | Noticed Ijyb
  2758 | D:3      | Killed Ijyb
  2759 | D:3      | Reached XP level 4. HP: 27/37 MP: 4/4
  2857 | D:3      | Noticed Jessica
  3169 | D:3      | Reached skill level 4 in Fighting
  3403 | D:3      | Found a bloodstained altar of Trog.
  3462 | D:3      | Noticed Terence
  3467 | D:3      | Killed Terence
  3468 | D:3      | Reached XP level 5. HP: 42/42 MP: 5/5
  3906 | D:3      | Killed Jessica
  4808 | D:4      | Gained mutation: A meltable shield of frost defends you.
                  | (SH +4) [demonic ancestry]
  4808 | D:4      | Reached XP level 6. HP: 44/49 MP: 6/6
  4853 | D:4      | Found a hide-covered altar of Uskayaw.
  5602 | D:5      | Entered Level 5 of the Dungeon
  5607 | D:5      | Reached skill level 5 in Fighting
  5610 | D:5      | Noticed an ice beast
  5614 | D:5      | Killed an ice beast
  5615 | D:5      | Gained mutation: You regenerate magic rapidly. [demonic
                  | ancestry]
  5615 | D:5      | Reached XP level 7. HP: 56/56 MP: 7/7
  5628 | D:5      | Found a one-way gate to the infinite horrors of the Abyss.
  5628 | D:5      | Noticed InsanityWolf's ghost (amateur SpBr)
  5641 | D:5      | Found a transporter.
  5675 | D:5      | Reached skill level 5 in Axes
  5796 | D:5      | Found a sand-covered staircase.
  5881 | Ossuary  | Entered an ossuary
  5980 | Ossuary  | Reached skill level 6 in Fighting
  6055 | Ossuary  | Gained mutation: A meltable icy envelope protects you from
                  | harm. (AC +4) [demonic ancestry]
  6055 | Ossuary  | Reached XP level 8. HP: 62/64 MP: 8/8
  6169 | D:5      | Noticed a toenail golem
  6540 | D:5      | Found a transporter.
  6639 | D:5      | Found a staircase to the Ecumenical Temple.
  6781 | D:5      | Reached *** piety under Trog
  7422 | D:6      | Found Ymmeit's Overcharged Wands.
  7824 | D:6      | Reached skill level 7 in Fighting
  8048 | D:7      | Noticed Joseph
  8604 | D:7      | Gained mutation: You have hoof-like feet. [demonic
                  | ancestry]
  8604 | D:7      | Reached XP level 9. HP: 72/72 MP: 9/9
  8922 | D:7      | Noticed Menkaure
  9172 | D:7      | Killed Joseph
  9176 | D:7      | Killed Menkaure
  9177 | D:7      | Reached skill level 8 in Fighting
  9177 | D:7      | Reached skill level 5 in Armour
  9367 | D:7      | Reached skill level 5 in Dodging
  9472 | D:7      | Noticed Harold
  9489 | D:7      | Killed Harold
  9571 | D:7      | Reached skill level 9 in Fighting
  9571 | D:7      | Gained mutation: When hurt, damage is shared between your
                  | health and your magic reserves. [demonic ancestry]
  9571 | D:7      | Reached XP level 10. HP: 77/83 MP: 10/10
  9615 | D:7      | Noticed Dowan
  9616 | D:7      | Noticed Duvessa
  9620 | D:7      | Killed Duvessa
  9627 | D:7      | Killed Dowan
 10613 | D:8      | Noticed a centaur warrior
 10618 | D:8      | Noticed a two-headed ogre
 11146 | D:9      | Found a staircase to the Lair.
 11293 | D:9      | Reached **** piety under Trog
 11388 | D:9      | Reached skill level 10 in Fighting
 12172 | D:10     | Entered Level 10 of the Dungeon
 12215 | D:10     | Gained mutation: You have hooves in place of feet. [demonic
                  | ancestry]
 12215 | D:10     | Reached XP level 11. HP: 92/92 MP: 11/11
 12238 | D:10     | Reached skill level 10 in Axes
 12713 | D:10     | Reached skill level 11 in Fighting
 12736 | D:10     | Found a flagged portal.
 12747 | Bailey   | Entered a bailey
 12752 | Bailey   | Noticed an orc warlord
 13148 | Bailey   | Found a runed translucent gate.
 13148 | Bailey   | Found a runed translucent gate.
 13158 | Bailey   | Found a runed translucent gate.
 13269 | Bailey   | Killed an orc warlord
 13431 | Bailey   | Reached skill level 12 in Fighting
 13431 | Bailey   | Gained mutation: You are partially covered in large bone
                  | plates. (SH +4) [demonic ancestry]
 13431 | Bailey   | Reached XP level 12. HP: 103/103 MP: 12/12
 13818 | D:11     | Noticed Nergalle
 13831 | D:10     | Killed Nergalle
 13884 | D:11     | Reached skill level 13 in Fighting
 14075 | Lair:1   | Entered Level 1 of the Lair of Beasts
 14563 | Lair:1   | Reached ***** piety under Trog
 14646 | Lair:1   | Noticed a seven-headed hydra
 14965 | D:11     | Found a staircase to the Orcish Mines.
 15649 | D:11     | Reached skill level 14 in Fighting
 15832 | D:11     | Noticed a two-headed ogre
 15859 | D:11     | Killed a two-headed ogre
 16043 | Orc:1    | Entered Level 1 of the Orcish Mines
 16052 | Orc:1    | Noticed Sonja
 16055 | Orc:1    | Noticed Sonja
 16055 | Orc:1    | Sonja changed into Sonja the hog
 16058 | Orc:1    | Killed Sonja the hog
 16488 | D:12     | Gained mutation: You are mostly covered in large bone
                  | plates. (SH +6) [demonic ancestry]
 16488 | D:12     | Reached XP level 13. HP: 114/114 MP: 13/13
 16525 | D:12     | Found Mixoc Xergh's Distillery.
 16532 | D:12     | Bought a potion of heal wounds for 80 gold pieces
 16743 | D:12     | Found a broken altar of Ashenzari.
 17220 | D:13     | Noticed Kirke
 17231 | D:12     | Noticed a sphinx
 17232 | D:12     | Killed Kirke
 17334 | Orc:2    | Entered Level 2 of the Orcish Mines
 17453 | Orc:2    | Received a gift from Trog
 18245 | Orc:2    | Reached skill level 15 in Fighting
 18596 | Orc:2    | Found Ymashi's Magic Scroll Shop.
 18604 | Orc:2    | Bought a scroll of identify for 26 gold pieces
 18604 | Orc:2    | Bought a scroll of teleportation for 39 gold pieces
 18604 | Orc:2    | Bought a scroll of identify for 26 gold pieces
 18604 | Orc:2    | Bought a scroll of teleportation for 39 gold pieces
 18604 | Orc:2    | Bought a scroll of identify for 26 gold pieces
 18604 | Orc:2    | Bought a scroll of blinking for 97 gold pieces
 18604 | Orc:2    | Bought a scroll of summoning for 123 gold pieces
 18609 | Orc:2    | Found a staircase to the Elven Halls.
 18812 | Orc:2    | Found Yzouzxymn's Distillery.
 18812 | Orc:2    | Found Peychiekao's Antique Armour Shop.
 18814 | Orc:2    | Found Zumezeig's Book Boutique.
 18816 | Orc:2    | Found Rymm's General Store.
 18821 | Orc:2    | Bought a glowing chain mail for 165 gold pieces
 19305 | Orc:1    | Found a runed translucent gate.
 19305 | Orc:1    | Found a runed translucent gate.
 19305 | Orc:1    | Found a runed translucent gate.
 19542 | Orc:1    | Noticed Jod's ghost (journeyman MiBe)
 19934 | D:13     | Found a gate to the Vaults.
 21265 | D:13     | Reached XP level 14. HP: 124/124 MP: 6/14
 23058 | D:14     | Reached skill level 16 in Fighting
 24588 | Lair:2   | Reached skill level 15 in Axes
 25807 | Lair:3   | Found a staircase to the Snake Pit.
 25821 | Lair:3   | Found a staircase to the Swamp.
 28421 | Lair:6   | Entered Level 6 of the Lair of Beasts
 28501 | Lair:6   | Gained mutation: You are robust. (+10% HP) [demonic
                  | ancestry]
 28501 | Lair:6   | Reached XP level 15. HP: 110/146 MP: 15/15
 28827 | Lair:6   | Reached skill level 17 in Fighting
 29238 | Lair:6   | Noticed Josephine
 29249 | Lair:6   | Killed Josephine
 29435 | Lair:6   | Found the +3 pair of seven-league boots {Rampage+∞}
 29588 | Lair:6   | Identified the ring "Upugoiw" {+Blink rPois rF+ MP-9}
 29595 | Lair:6   | Identified the +3 trident of False Hope {flame, rC+}
 29818 | Lair:6   | Found a staircase to the Slime Pits.
 30489 | D:15     | Entered Level 15 of the Dungeon
 30864 | D:15     | Found a staircase to the Depths.
 31131 | D:15     | Received a gift from Trog
 31403 | D:15     | Cast into level 2 of the Abyss (a wizard)
 32215 | Abyss:2  | Found a corrupted altar of Lugonu.
 32718 | Abyss:2  | HP: 2/145 [sixfirhy (9)]
 32948 | Abyss:2  | Noticed a tentacled starspawn
 32954 | Abyss:2  | Killed a tentacled starspawn
 32975 | Abyss:2  | Noticed a quicksilver dragon
 32978 | Abyss:2  | Noticed an ancient lich
 33217 | Abyss:2  | Noticed a tentacled starspawn
 33337 | D:15     | Escaped the Abyss
 33625 | D:15     | Noticed Rupert
 33646 | D:15     | Killed Rupert
 34031 | D:15     | Noticed Louise
 34255 | D:15     | Killed Louise
 34700 | Swamp:1  | Entered Level 1 of the Swamp
 35121 | Swamp:1  | Noticed a tentacled monstrosity
 35139 | Swamp:1  | Killed a tentacled monstrosity
 35386 | Swamp:1  | HP: 5/149 [acid (8)]
 35909 | Swamp:1  | HP: 3/149 [goliath frog (8)]
 35909 | Swamp:1  | Splashed by a goliath frog's acid

Illustrated notes

Levels and vault maps discovered:
D:1:      minmay_arrival_diagonal_passages, layout_basic
D:2:      layout_loops_ring, ebering_ecumenical_altar_rust
D:3:      layout_basic, bloody_trog, uniq_jessica, uniq_ijyb, uniq_terence
D:4:      layout_basic, mainiacjoe_overflow_alcove_2, minmay_misc_feat_cross,
          hangedman_decor_points
D:5:      layout_cave_pools, minmay_temple_entry_enclosed_plants,
          lightli_sewer_entry_pipes, gammafunk_ghost_abyssal_escape,
          gup_ossuary_entry_pyramid
D:6:      layout_basic, nicolae_shop_overcharged_wands
D:7:      layout_loops_ring, serial_undead, serial_undead_f, serial_undead_e,
          serial_undead_c, serial_undead_e, serial_undead_f, serial_undead_b,
          uniq_harold, uniq_menkaure, uniq_joseph, uniq_duvessa
D:8:      layout_cave_pools, onia_ninara_dug_in_and_dangerous
D:9:      layout_gridville, david_lair_shrubbed, kennysheep_small_square
D:10:     layout_loops_ring, enter_bailey_3
D:11:     layout_big_octagon, minmay_orc_entry_temple_small, serial_ice,
          serial_ice_l, serial_ice_e, serial_ice_a, serial_ice_f, serial_ice_m,
          st_stairs_10, uniq_nergalle
D:12:     layout_stronghold, serial_shops, nicolae_shop_stone, ashenzari_altar_1
D:13:     layout_roguey, lightli_vaults_fourway_checkpoint, uniq_kirke
D:14:     layout_roguey, serial_park_gazebo [serial_park_minivault_5x5_3],
          chequers_garden, due_unseen_surprise
D:15:     hangedman_depths_entry_try_elsewhere_first, layout_irregular_city,
          worms_lemuel, uniq_rupert, uniq_louise
Lair:1:   layout_roguey, serial_bayou_ford_a, grunt_megastairs_5
Lair:2:   layout_chaotic_city, wad_woods_river_01, serial_bayou_shore_b,
          infiniplex_staircase_pool
Lair:3:   layout_misc_corridors, minmay_swamp_entry_reptiles,
          guppyfry_snake_entry_island, st_stairs_3, grunt_megastairs_4
Lair:4:   layout_hall_layers, serial_forest, infiniplex_forest_lined_2,
          infiniplex_forest_zigzag_1, infiniplex_forest_clump_tiny,
          infiniplex_forest_end_2, infiniplex_forest_end_1
Lair:5:   layout_misc_corridors, nicolae_lair_lindhole
Lair:6:   gammafunk_lair_ancient_temple, layout_regular_city,
          minmay_slime_entry_jelly_boxes, hangedman_lair_unloving_vines,
          serial_bayou_shore_a, uniq_josephine
Swamp:1:  layout_basic_swamp, nicolae_swamp_treefoil
Orc:1:    layout_diamond_mine, basic_altar, ebering_ghost_rock_garden,
          uniq_sonja
Orc:2:    st_orc_rangers, layout_caves, serial_shops, nicolae_shop_trees

Skill      XL: |  1  2  3  4  5  6  7  8  9 10 11 12 13 14 15 |
---------------+----------------------------------------------+-----
Axes           | 3 4 5 6 8 9 11 13 14 15 16 | 16.6
Dodging        | 2 3 4 5 6 7 8 9 |  9.4
Armour         | 2 3 4 5 6 7 8 9 |  9.5
Fighting       | 4 5 6 7 9 10 12 14 15 16 17 | 17.9

Action                   |  1- 3 |  4- 6 |  7- 9 | 10-12 | 13-15 || total
-------------------------+-------+-------+-------+-------+-------++-------
Melee: Hand axe          |    95 |       |       |       |       ||    95
       Kick              |    18 |    12 |    46 |   113 |   537 ||   726
       Punch             |     1 |     1 |     2 |     9 |    19 ||    32
       War axe           |    13 |    67 |   192 |   460 |   856 ||  1588
       Unarmed           |     4 |     4 |       |       |       ||     8
       Executioner's axe |       |       |       |       |   381 ||   381
       Mace              |       |       |       |       |    36 ||    36
       Trident           |       |       |       |       |     7 ||     7
Throw: Dart              |       |     3 |       |    11 |    11 ||    25
Invok: Berserk           |       |     4 |     7 |     8 |    31 ||    50
       Trog's Hand       |       |       |     1 |     1 |    22 ||    24
       Brothers in Arms  |       |       |       |       |     1 ||     1
Evoke: Wand              |       |       |       |     3 |    16 ||    19
  Use: Scroll            |       |     5 |     3 |     8 |    23 ||    39
       Potion            |       |       |       |     2 |    15 ||    17
 Stab: Sleeping          |       |       |     1 |       |       ||     1
       Invisible         |       |       |       |     3 |     5 ||     8
       Distracted        |       |       |       |       |     2 ||     2
Armor: Animal skin       |    23 |       |       |       |       ||    23
       Leather armour    |       |    14 |    43 |     5 |       ||    62
       Ring mail         |       |       |       |   131 |    42 ||   173
       Chain mail        |       |       |       |       |   513 ||   513
Dodge: Dodged            |    90 |    38 |   127 |   250 |   519 ||  1024
Block: Other             |       |     2 |    33 |    92 |   533 ||   660
